 Dungeon Crawl Stone Soup version 0.26-a0-658-gbdda728c12 (webtiles) character file.

Game seed: 14880301949287956236

427 luopjiggy the Cleaver (level 6, 0/52 HPs)
             Began as a Hill Orc Fighter on Oct 4, 2020.
             Slain by a hound (1 damage)
             ... on level 4 of the Dungeon.
             The game lasted 00:04:40 (3463 turns).

luopjiggy the Cleaver (Hill Orc Fighter)            Turns: 3463, Time: 00:04:41

Health: 0/52       AC:  7    Str: 17 (19) XL:     6   Next: 97%
Magic:  6/6        EV:  7    Int:  7 (8)  God:
Gold:   284        SH:  9    Dex: 10 (12) Spells: 5/5 levels left

rFire    . . .     SeeInvis .   a - +0 war axe
rCold    . . .     Faith    .   c - +0 kite shield
rNeg     . . .     Spirit   .   b - +0 scale mail
rPois    .         Reflect  .   (no helmet)
rElec    .         Harm     .   (no cloak)
rCorr    .         Rampage  .   (no gloves)
MR       .....                  (no boots)
Stlth    ..........             (no amulet)
HPRegen  0.17/turn              (no ring)
MPRegen  0.10/turn              (no ring)

@: lethally poisoned (0 -> -4), stab, flying
A: no striking features
a: no special abilities


You were on level 4 of the Dungeon.
You visited 1 branch of the dungeon, and saw 4 of its levels.

You collected 284 gold pieces.

Inventory:

Hand Weapons
 a - a +0 war axe (weapon)
Armour
 b - a +0 scale mail (worn)
 c - a +0 kite shield (worn)
Jewellery
 h - an uncursed ring of protection from fire
 u - an uncursed ring of resist corrosion {unknown}
Scrolls
 f - a scroll of enchant armour {unknown}
 g - 3 scrolls of teleportation
 j - 5 scrolls of amnesia
 o - 3 scrolls of remove curse {unknown}
 q - a scroll of fog {unknown}
 r - a scroll of blinking {unknown}
 v - a scroll of identify
Potions
 d - 2 potions of might
 e - 2 potions of stabbing
 i - 2 potions of mutation {unknown}
 k - a potion of haste
 l - a potion of berserk rage {unknown}
 m - a potion of degeneration
 n - a potion of flight
 p - a potion of heal wounds {unknown}
 s - a potion of invisibility {unknown}
 t - a potion of curing {unknown}


   Skills:
 - Level 4.2 Fighting
 * Level 8.3 Axes
 - Level 4.0 Armour
 - Level 4.0 Shields


You had 5 spell levels left.
You didn't know any spells.
Your spell library was empty.

Dungeon Overview and Level Annotations

Branches:
Dungeon (4/15)             Temple (0/1) D:4

Altars:
Ashenzari
Gozag
Makhleb
Okawaru
Wu Jian
Xom


Message History

The worker ant barely misses you.
It was a potion of degeneration.
There was something very wrong with that liquid.
You feel weakened.
You feel dopey.
You feel clumsy.
You feel sick. The hound completely misses you.
The worker ant barely misses you. You block the worker ant's attack.
You block the hound's attack.
It was a potion of flight.
You feel very buoyant.
You fly up into the air.
You feel sick. The hound bites you.
* * * LOW HITPOINT WARNING * * *
You block the worker ant's attack. The worker ant closely misses you.
It was a potion of stabbing.
You feel ready to backstab. The hound bites you but does no damage.
The worker ant bites you but does no damage.
The worker ant bites you.
* * * LOW HITPOINT WARNING * * *
The hound bites you.
You die...

#.(.# #...# # #...#
#.###########...+
#...............#
##............^..#
....$.B..........#
#..oB@h........#######
.....##+#..#.._..#......
......>..<..............
. ...##.##########....<.
... .......... .h.
########## ...). ...o
....


You could see a hound, 2 worker ants and an orc.

Vanquished Creatures
  A sky beast (D:4)
  An ogre (D:4)
  A hound (D:4)
  A centaur skeleton (D:2)
  A worker ant (D:4)
  A hound zombie (D:4)
  A hound skeleton (D:4)
  Robin (D:2)
  An adder (D:2)
  An ooze (D:2)
  6 worms
  3 dart slugs
  4 leopard geckos
  3 orcs (D:3)
  4 bats
  A giant cockroach (D:1)
  14 goblins
  9 hobgoblins
  9 jackals
  2 quokkas (D:2)
  2 ball pythons
  9 frilled lizards
  12 kobolds
  7 rats
95 creatures vanquished.

Notes
Turn   | Place    | Note
-------+----------+-------------------------------------------
     0 | D:1      | luopjiggy the Hill Orc Fighter began the quest for the Orb.
     0 | D:1      | Reached XP level 1. HP: 19/19 MP: 1/1
    51 | D:1      | Reached XP level 2. HP: 19/27 MP: 2/2
   555 | D:1      | Reached skill level 3 in Axes
   568 | D:1      | Reached XP level 3. HP: 28/33 MP: 3/3
  1325 | D:2      | Noticed Robin
  1330 | D:2      | Reached XP level 4. HP: 35/40 MP: 4/4
  1334 | D:2      | Reached skill level 4 in Axes
  1337 | D:2      | Killed Robin
  1680 | D:2      | Found a burning altar of Makhleb.
  1690 | D:2      | Reached XP level 5. HP: 46/46 MP: 5/5
  1789 | D:2      | Reached skill level 5 in Axes
  2164 | D:3      | Found a shimmering altar of Xom.
  2188 | D:3      | Found an iron altar of Okawaru.
  2308 | D:3      | Found a broken altar of Ashenzari.
  2645 | D:3      | Found an ornate altar of the Wu Jian Council.
  2961 | D:4      | Found a staircase to the Ecumenical Temple.
  3038 | D:4      | Noticed a sky beast
  3054 | D:4      | Killed a sky beast
  3054 | D:4      | Reached skill level 6 in Axes
  3054 | D:4      | Reached XP level 6. HP: 21/52 MP: 6/6
  3263 | D:4      | Reached skill level 7 in Axes
  3374 | D:4      | Found an opulent altar of Gozag.
  3460 | D:4      | Reached skill level 8 in Axes
  3462 | D:4      | HP: 1/52 [hound (4)]
  3463 | D:4      | Slain by a hound

Illustrated notes

Levels and vault maps discovered:
D:1:      dpeg_arrival_simpleton_c, layout_rooms
D:2:      wander_river, layout_basic, lemuel_round_altar, uniq_robin
D:3:      layout_basic, cheibrodos_ashenzari_chains, marbit_many_paths,
          lemuel_coloured_pillars_altar, chequers_serial_rivers_room_b,
          okawaru_trees_1
D:4:      layout_basic, kennysheep_little_box, nicolae_overflow_hidden_temple,
          nicolae_gozag_seed_capital, minmay_temple_entry_statues

Skill      XL: |  1  2  3  4  5  6 |
---------------+-------------------+-----
Axes           | 3 4 6 8 |  8.3
Fighting       | 4 |  4.2
Armour         | 4 |  4.0
Shields        | 4 |  4.0

Action                   |  1- 3 |  4- 6 || total
-------------------------+-------+-------++-------
Melee: War axe           |   103 |   152 ||   255
  Use: Scroll            |     5 |       ||     5
       Potion            |     1 |     3 ||     4
Armor: Scale mail        |    41 |    60 ||   101
Dodge: Dodged            |    38 |    52 ||    90
Block: Kite shield       |    49 |    94 ||   143

Table legend: (Time is in decaauts)
 A = Elapsed time spent in this place.
 B = Non-inter-level travel time spent in this place.
 C = Inter-level travel time spent in this place.
 D = Time resting spent in this place.
 E = Time spent auto-exploring this place.
 F = Levels seen in this place.
 G = Mean time per level.
                   A        B        C        D        E       F      G
               +--------+--------+--------+--------+--------+-----+--------+
         Total |   3542 |   3474 |     68 |    800 |   2039 |   4 |  885.5 |
       Dungeon |   3542 |   3474 |     68 |    800 |   2039 |   4 |  885.5 |
               +--------+--------+--------+--------+--------+-----+--------+

Top non-repeatable levels by time:
     D:2: 1131 daAuts
     D:1: 963 daAuts
     D:3: 880 daAuts
     D:4: 567 daAuts
